AoeStats
← KootH.

Arena

506151010Analyzed
4v4 RM · 19d ago on Sep 12, 2026· 44m 17s· 8 players
Game mode
Random Map
Map size
Large (8 player)
Population
200
Speed
Normal
Resources
Standard
Victory
Conquest
Starting age
Dark Age
Ending age
Imperial Age
RankedLock teamsTeams togetherTeam positionsShared explorationLock speedFull tech treeHidden civsTurbo modeCheats
Victory
Defeat
🇨🇳 Poles · China
1467
+13
🇨🇳 Celts · China
1439
+14
🇨🇴 Berbers · Colombia
1427
+15
🇨🇳 Turks · China
1313
+20
🇩🇰 Wu · Denmark
1432
-17
🇱🇰 Vikings · Sri Lanka
1409
-16
🇭🇺 Goths · Hungary
1381
-15
🇺🇸 Mapuche · United States
1376
-14
AJR86
10:57 Feudal Age
12:36 Horse Collar
15:27 Castle Age
13:41 Double-Bit Axe
14:09 Man-at-Arms
15:23 Scale Mail Armor
17:00 Long Swordsman
18:20 Squires
18:22 Loom
21:05 Bow Saw
23:48 Wheelbarrow
23:26 Stone Mining
24:20 Heavy Plow
24:18 Pikeman
30:15 Imperial Age
28:45 Chain Mail Armor
29:19 Anarchy
29:16 Town Watch
31:16 Forging
31:47 Crop Rotation
31:52 Conscription
32:37 Iron Casting
32:53 Hand Cart
34:19 Blast Furnace
33:24 Gold Mining
34:09 Halberdier
35:25 Fletching
36:31 Bodkin Arrow
36:48 Elite Huskarl
39:40 Bracer
39:43 Padded Archer Armor
41:45 Two-Man Saw
42:31 Ballistics
43:11 Chemistry
Dongart
11:33 Feudal Age
9:51 Loom
12:12 Feudal Age
16:25 Castle Age
15:24 Double-Bit Axe
27:59 Fletching
31:58 Wheelbarrow
32:46 Bodkin Arrow
38:49 Red Cliffs Tactics
38:51 Padded Archer Armor
40:12 Leather Archer Armor
40:57 Guard Tower
43:43 Horse Collar
44:15 Bow Saw
BoogStasher3000
10:29 Feudal Age
14:16 Castle Age
12:45 Double-Bit Axe
12:45 Horse Collar
15:19 Wheelbarrow
15:19 Bow Saw
22:02 Heavy Plow
22:52 Loom
24:03 Hand Cart
25:43 Fletching
25:54 Padded Archer Armor
26:22 Treadmill Crane
26:42 Stone Mining
27:07 Gold Mining
31:21 Imperial Age
30:54 Bodkin Arrow
31:14 Leather Archer Armor
31:23 Ballistics
31:14 Masonry
31:37 Malon
31:28 Capped Ram
31:39 Elite Bolas Rider
32:18 Elite Skirmisher
33:30 Crop Rotation
33:43 Ring Archer Armor
33:39 Conscription
35:09 Scale Mail Armor
35:20 Forging
37:49 Pikeman
42:35 Iron Casting
PunchiMan
8:28 Feudal Age
7:05 Loom
9:45 Double-Bit Axe
13:04 Fletching
23:48 Castle Age
22:03 Horse Collar
25:07 Gold Mining
29:05 Imperial Age
27:22 Heavy Plow
27:33 Bow Saw
32:05 Masonry
33:02 Bodkin Arrow
33:39 Architecture
33:30 Padded Archer Armor
34:31 Pikeman
34:58 Arson
35:13 Squires
34:59 Gambesons
35:49 Scale Mail Armor
36:46 Chain Mail Armor
36:45 Forging
39:51 Iron Casting
41:45 Fortified Wall
42:30 Plate Mail Armor
畅销猪
10:49 Feudal Age
9:16 Loom
11:02 Feudal Age
12:00 Horse Collar
12:06 Double-Bit Axe
14:53 Fletching
21:53 Castle Age
23:36 Gold Mining
23:57 Bow Saw
23:50 Heavy Plow
28:38 Imperial Age
26:47 Wheelbarrow
27:10 Scale Barding Armor
28:01 Szlachta Privileges
27:58 Husbandry
28:28 Bloodlines
28:25 Scale Barding Armor
29:40 Forging
30:23 Chain Barding Armor
31:12 Conscription
31:32 Iron Casting
31:59 Cavalier
34:55 Hand Cart
34:32 Town Watch
35:34 Stone Mining
37:41 Capped Ram
39:03 Siege Ram
42:43 Crop Rotation
93老玩家回归
10:04 Feudal Age
14:16 Castle Age
12:21 Double-Bit Axe
13:30 Horse Collar
25:01 Wheelbarrow
29:19 Imperial Age
27:26 Heavy Plow
27:38 Bow Saw
27:21 Gold Mining
27:22 Stone Mining
27:51 Hand Cart
27:23 Loom
27:24 Town Watch
27:21 Treadmill Crane
29:15 Gold Shaft Mining
29:30 Fletching
29:40 Padded Archer Armor
29:51 Scale Barding Armor
29:56 Forging
30:42 Bombard Tower
30:27 Bodkin Arrow
32:44 Leather Archer Armor
32:50 Chain Barding Armor
33:05 Iron Casting
33:13 Masonry
33:25 Ballistics
34:22 Conscription
34:03 Artillery
34:23 Sipahi
36:14 Architecture
35:46 Bracer
36:17 Ring Archer Armor
36:23 Plate Barding Armor
35:28 Elite Janissary
36:46 Husbandry
36:57 Bloodlines
40:40 Blast Furnace
41:36 Murder Holes
06老玩家回归
6:32 Loom
8:38 Feudal Age
9:28 Double-Bit Axe
11:29 Horse Collar
12:02 Fletching
22:08 Castle Age
20:46 Stone Mining
22:19 Wheelbarrow
22:44 Gold Mining
23:25 Bow Saw
23:19 Heavy Plow
23:32 Bodkin Arrow
24:38 Guard Tower
28:26 Town Watch
32:05 Scale Mail Armor
35:01 Chain Mail Armor
35:46 Gambesons
35:47 Arson
36:51 Hand Cart
36:48 Forging
41:22 Gold Shaft Mining
41:23 Stone Shaft Mining
44:07 Imperial Age
42:50 Iron Casting
KootH.
9:53 Feudal Age
14:28 Castle Age
15:01 Double-Bit Axe
14:58 Horse Collar
23:35 Bloodlines
27:04 Wheelbarrow
27:03 Heavy Plow
26:51 Loom
27:15 Husbandry
28:34 Forging
32:07 Imperial Age
29:33 Man-at-Arms
30:26 Scale Mail Armor
31:25 Iron Casting
32:01 Bow Saw
32:49 Chain Mail Armor
31:57 Long Swordsman
33:51 Chemistry
33:27 Two-Handed Swordsman
35:21 Gold Mining
38:43 Hoardings
39:09 Light Cavalry
42:04 Champion
43:58 Plate Mail Armor
45:39 Blast Furnace
Connection lost

Rejoining the realm…

Still unreachable

The connection could not be restored.

Session expired

The server has moved on; the page needs a fresh start.